 Dungeon Crawl Stone Soup version 0.30.1-3-gfc49f6343a (webtiles) character file.

Game seed: 2812009577406243849

1191 BillyBaka the Skirmisher (level 8, 0/85 HPs)
             Began as a Gnoll Hunter on Aug 7, 2023.
             Was a Follower of Hepliaklqana.
             Slain by Prince Ribbit (13 damage)
             ... on level 6 of the Dungeon.
             The game lasted 00:19:59 (4441 turns).

BillyBaka the Skirmisher (Gnoll Hunter)             Turns: 4441, Time: 00:20:00

Health: 0/85       AC: 24    Str: 12    XL:     8   Next: 43%
Magic:  13/13      EV:  2    Int:  8    God:    Hepliaklqana [*.....]
Gold:   48         SH:  0    Dex: 17    Spells: 13/13 levels left

rFire   . . .        y - +4 shortbow (flame)
rCold   . . .        (shield currently unavailable)
rNeg    . . .        w - melded +3 ring mail
rPois   +            (helmet currently unavailable)
rElec   .            (cloak currently unavailable)
rCorr   .            (gloves currently unavailable)
SInv    +            (boots currently unavailable)
Will    .....        (no amulet)
Stlth   +++          f - ring of see invisible
HPRegen 0.34/turn    (no ring)
MPRegen 0.13/turn

%: no passive effects
@: tree-form, mesmerised
A: stationary, stasis, torment immunity, boosted hp, reduced essence, (fangs 1),
strong nose, distributed training
a: Renounce Religion, Recall Ancestor, Ancestor Identity


You were on level 6 of the Dungeon.
You worshipped Hepliaklqana.
Hepliaklqana was aware of your devotion.
You were a tree.
You visited 2 branches of the dungeon, and saw 7 of its levels.
You also visited: Ossuary.

You collected 344 gold pieces.
You spent 296 gold pieces at shops.

Inventory:

Hand Weapons
 y - a +4 shortbow of flaming (weapon)
Armour
 w - a +3 ring mail (melded)
Magical Staves
 q - a staff of cold
 s - a staff of conjuration
Jewellery
 f - a ring of see invisible (left branch)
 r - a ring of fire
Wands
 v - a wand of iceblast (14)
Scrolls
 b - a scroll of immolation
 e - 3 scrolls of amnesia
 g - 3 scrolls of blinking
 l - a scroll of enchant armour
 o - a scroll of magic mapping
 t - a scroll of torment
 A - a scroll of teleportation
Potions
 c - 2 potions of haste {unknown}
 d - 6 potions of mutation
 h - 3 potions of brilliance {unknown}
 j - 3 potions of lignification
 k - a potion of berserk rage {unknown}
 m - 2 potions of curing
 n - a potion of invisibility {unknown}
 p - a potion of might {unknown}
 u - 2 potions of flight {unknown}
 x - a potion of magic {unknown}
 z - a potion of attraction {unknown}
 B - a potion of resistance {unknown}
 C - a potion of degeneration {unknown}


   Skills:
 + Level 5.7 Fighting
 + Level 3.4 Short Blades
 + Level 3.4 Long Blades
 + Level 3.4 Axes
 + Level 3.4 Maces & Flails
 + Level 3.4 Polearms
 + Level 3.4 Staves
 + Level 9.2 Ranged Weapons
 + Level 3.4 Throwing
 + Level 3.4 Armour
 + Level 5.7 Dodging
 + Level 4.2 Stealth
 + Level 3.4 Shields
 + Level 3.4 Unarmed Combat
 + Level 3.4 Spellcasting
 + Level 2.7 Conjurations
 + Level 2.7 Hexes
 + Level 2.7 Summonings
 + Level 2.7 Necromancy
 + Level 2.7 Translocations
 + Level 2.7 Transmutations
 + Level 2.7 Fire Magic
 + Level 2.7 Ice Magic
 + Level 2.7 Air Magic
 + Level 2.7 Earth Magic
 + Level 2.7 Poison Magic
 + Level 3.7 Invocations
 + Level 3.4 Evocations


You had 13 spell levels left.
You didn't know any spells.
Your spell library contained the following spells:

 Spells                   Type           Power      Damage    Failure   Level
 Sting                    Tmut/Pois      20%        1d4       10%         1
 Poisonous Vapours        Pois/Air       10%        N/A       16%         2
 Olgreb's Toxic Radiance  Pois           5%         N/A       69%         4


Dungeon Overview and Level Annotations

Branches:
Dungeon (6/15)             Temple (1/1) D:4         Ossuary (visited)

Altars:
Ashenzari
Dithmenos
Elyvilon
Gozag
Hepliaklqana
Makhleb
Qazlal
Ru
Sif Muna
Trog
Uskayaw
Wu Jian
Yredelemnul

Shops:
D:4 ?   D:5 (

Annotations:
D:4 1 runed translucent door, Crazy Yiuf
D:6 Maggie, Prince Ribbit


Innate Abilities, Weirdness & Mutations

You are a tree.
Your roots penetrate the ground, keeping you stationary.
You cannot be teleported.
You are immune to unholy pain and torment.
Your maximum health is greatly increased.
Your equipment is partially melded.
Your life essence is reduced to manifest your ancestor. (-10% HP)
((You have very sharp teeth.))
Your uncanny sense of smell can sniff out nearby items.
Your experience applies equally to all skills.


Message History

Fire: y) +4 shortbow (flame)
Press: ? - help, Q - select action, (/) - cycle Shift-Dir - straight line, f/p - Maggie
Aim: Maggie, wielding a +0 broad axe and wearing +1 steam dragon scales (heavily wounded, 70% to hit)
You shoot an arrow. The arrow hits Maggie!
The arrow burns Maggie.
Maggie is severely wounded.
Prince Ribbit blinks!
Maggie drinks a potion.
Maggie is healed!
Fire: y) +4 shortbow (flame)
Press: ? - help, Q - select action, (/) - cycle Shift-Dir - straight line, f/p - Maggie
Aim: Maggie, wielding a +0 broad axe and wearing +1 steam dragon scales (moderately wounded, 70% to hit)
You shoot an arrow. The arrow misses Prince Ribbit.
The arrow barely misses Maggie.
Fire: y) +4 shortbow (flame)
Press: ? - help, Q - select action, (/) - cycle Shift-Dir - straight line, f/p - Maggie
Aim: Maggie, wielding a +0 broad axe and wearing +1 steam dragon scales (moderately wounded, 70% to hit)
You shoot an arrow. The arrow hits Prince Ribbit.
The arrow burns Prince Ribbit.
Prince Ribbit is lightly wounded.
Fire: y) +4 shortbow (flame)
Press: ? - help, Q - select action, (/) - cycle Shift-Dir - straight line, f/p - Maggie
Aim: Maggie, wielding a +0 broad axe and wearing +1 steam dragon scales (moderately wounded, 70% to hit)
You shoot an arrow. The arrow hits Prince Ribbit.
The arrow burns Prince Ribbit.
Prince Ribbit is moderately wounded.
Prince Ribbit hits you!
Prince Ribbit catches a small bird with his tongue.
Prince Ribbit hits you. Prince Ribbit attacks as you move away!
Prince Ribbit hits you!
* * * LOW HITPOINT WARNING * * *
Maggie mumbles some strange words.
Maggie attempts to bespell you!
You are mesmerised by Maggie!
You cannot move away from Maggie!
It was a potion of lignification.
You turn into a tree.
Your +3 ring mail melds into your body.
Your roots penetrate the ground.
Prince Ribbit hits you but does no damage.
You shoot an arrow. The arrow hits Prince Ribbit.
The arrow burns Prince Ribbit.
Prince Ribbit is heavily wounded.
Prince Ribbit hits you!
You die...

#.....# #.....# #.
#####.##.## ##.+#
#.##..## ##...#
#.##...## ##....#
#.##....# #.....#
#@##....# #.....#
#F##...######....#
#♣##..###..###....
#....###....###..#
####.##......##..#
#.............#
#######.......#
#########


You could see Maggie (mesmerising) and Prince Ribbit.

Vanquished Creatures
  An ice beast (D:5)
  An ogre (D:5)
  A phantom (D:5)
  2 scorpions
  A howler monkey (D:5)
  2 hounds
  A jelly (D:4)
  2 orc priests (D:4)
  3 iguanas
  A sleepcap (D:5)
  2 orc wizards (D:4)
  Natasha (thrice) (D:4)
  2 hound zombies (Ossuary)
  2 mummies (Ossuary)
  3 gnolls (D:3)
  9 adders
  3 adder zombies (Ossuary)
  A dart slug (D:1)
  11 orcs
  5 ball pythons
  4 endoplasms
  A giant cockroach (D:2)
  A gnoll zombie (Ossuary)
  8 goblins
  9 hobgoblins
  3 jackals (D:1)
  A quokka (D:3)
  5 bats
  3 frilled lizards
  4 goblin zombies (Ossuary)
  4 hobgoblin zombies (Ossuary)
  A jackal zombie (Ossuary)
  5 kobolds
  A kobold skeleton (D:3)
  3 kobold zombies
  5 quokka zombies (Ossuary)
  6 rats
  3 rat zombies (Ossuary)
123 creatures vanquished.

Vanquished Creatures (collateral kills)
  An elf zombie (Ossuary)
  A human zombie (Ossuary)
  2 hound zombies (Ossuary)
  A mummy (Ossuary)
  An adder zombie (Ossuary)
  2 kobold zombies (Ossuary)
  An orc zombie (Ossuary)
  A quokka zombie (Ossuary)
10 creatures vanquished.

Vanquished Creatures (others)
  An ancestor (D:6)
  A kobold skeleton (D:3)
2 creatures vanquished.

Grand Total: 135 creatures vanquished

Notes
Turn   | Place    | Note
-------+----------+-------------------------------------------
     0 | D:1      | BillyBaka the Gnoll Hunter began the quest for the Orb.
     0 | D:1      | Reached XP level 1. HP: 20/20 MP: 1/1
    62 | D:1      | Reached XP level 2. HP: 26/26 MP: 2/2
    98 | D:1      | Found a faded altar of an unknown god.
   212 | D:1      | Reached XP level 3. HP: 31/31 MP: 3/3
   469 | D:2      | Reached skill level 1 in Invocations
   684 | D:2      | Reached skill level 1 in Short Blades
   684 | D:2      | Reached skill level 1 in Long Blades
   684 | D:2      | Reached skill level 1 in Axes
   684 | D:2      | Reached skill level 1 in Maces & Flails
   684 | D:2      | Reached skill level 1 in Polearms
   684 | D:2      | Reached skill level 1 in Staves
   684 | D:2      | Reached skill level 1 in Throwing
   684 | D:2      | Reached skill level 1 in Armour
   684 | D:2      | Reached skill level 1 in Shields
   684 | D:2      | Reached skill level 1 in Unarmed Combat
   684 | D:2      | Reached skill level 1 in Spellcasting
   684 | D:2      | Reached skill level 1 in Evocations
   799 | D:2      | Reached XP level 4. HP: 38/38 MP: 5/5
   843 | D:2      | Reached skill level 1 in Conjurations
   843 | D:2      | Reached skill level 1 in Hexes
   843 | D:2      | Reached skill level 1 in Summonings
   843 | D:2      | Reached skill level 1 in Necromancy
   843 | D:2      | Reached skill level 1 in Translocations
   843 | D:2      | Reached skill level 1 in Transmutations
   843 | D:2      | Reached skill level 1 in Fire Magic
   843 | D:2      | Reached skill level 1 in Ice Magic
   843 | D:2      | Reached skill level 1 in Air Magic
   843 | D:2      | Reached skill level 1 in Earth Magic
   843 | D:2      | Reached skill level 1 in Poison Magic
  1256 | D:3      | Reached XP level 5. HP: 43/43 MP: 5/7
  1551 | D:3      | Found a runed translucent door.
  1551 | D:3      | Noticed a human
  1565 | D:3      | Found a basalt altar of Yredelemnul.
  1930 | D:4      | Found Mier Fuh's Magic Scroll Shoppe.
  1937 | D:4      | Bought a scroll of identify for 22 gold pieces
  1937 | D:4      | Bought a scroll of identify for 22 gold pieces
  1937 | D:4      | Bought a scroll of identify for 22 gold pieces
  1937 | D:4      | Bought a scroll of identify for 22 gold pieces
  1949 | D:4      | Noticed Natasha
  1955 | D:4      | Killed Natasha
  2079 | D:4      | Reached XP level 6. HP: 44/50 MP: 8/8
  2084 | D:4      | Reached skill level 5 in Fighting
  2084 | D:4      | Reached skill level 5 in Dodging
  2245 | D:4      | Found a staircase to the Ecumenical Temple.
  2280 | Temple   | Entered the Ecumenical Temple
  2288 | Temple   | Became a worshipper of Hepliaklqana the Forgotten
  2498 | D:4      | Noticed Natasha
  2503 | D:4      | Killed Natasha
  2521 | D:4      | Noticed Natasha
  2526 | D:4      | Killed Natasha
  2862 | D:4      | Reached XP level 7. HP: 50/56 MP: 10/10
  2991 | D:4      | Found a runed translucent door.
  2992 | D:4      | Noticed Crazy Yiuf
  3237 | D:5      | Entered Level 5 of the Dungeon
  3237 | D:5      | Found Xetzonk's Weapon Boutique.
  3263 | D:5      | Reached skill level 9 in Ranged Weapons
  3490 | D:5      | Reached XP level 8. HP: 30/63 MP: 12/12
  3883 | D:5      | Reached * piety under Hepliaklqana
  3884 | D:5      | Found a sand-covered staircase.
  3891 | Ossuary  | Entered an ossuary
  4308 | D:5      | Bought a +2 shortbow of flaming for 208 gold pieces
  4421 | D:6      | Noticed Maggie
  4422 | D:6      | Noticed Prince Ribbit
  4441 | D:6      | Slain by Prince Ribbit

Illustrated notes

Levels and vault maps discovered:
D:1:      erik_arrival_triangle_large, layout_rooms,
          ebering_ecumenical_altar_box
D:2:      layout_loops_ring, amcnicky_mini_pool_small
D:3:      layout_basic, dk_yredelemnul_ordeal, grunt_decor_fettered,
          nicolae_grassy_gnolls
D:4:      layout_loops_ring, minmay_temple_entry_wispy, serial_shops, shop,
          uniq_natasha, uniq_crazy_yiuf_cottage
D:5:      layout_basic, serial_shops, shop, chequers_ossuary_entry_cave,
          eino_small_chamber_without_monster
D:6:      layout_basic, grunt_temple_overflow_open, mrwooster_statue_mirror,
          minivault_19, minmay_door_square, uniq_maggie, uniq_prince_ribbit1,
          uniq_blork_the_orc
Temple:   nicolae_temple_no_exploring_needed

Skill      XL: |  1  2  3  4  5  6  7  8 |
---------------+-------------------------+-----
Invocations    | 1 2 3 |  3.7
Short Blades   | 1 2 3 |  3.4
Long Blades    | 1 2 3 |  3.4
Axes           | 1 2 3 |  3.4
Maces & Flails | 1 2 3 |  3.4
Polearms       | 1 2 3 |  3.4
Staves         | 1 2 3 |  3.4
Throwing       | 1 2 3 |  3.4
Armour         | 1 2 3 |  3.4
Shields        | 1 2 3 |  3.4
Unarmed Combat | 1 2 3 |  3.4
Spellcasting   | 1 2 3 |  3.4
Evocations     | 1 2 3 |  3.4
Conjurations   | 1 2 |  2.7
Hexes          | 1 2 |  2.7
Summonings     | 1 2 |  2.7
Necromancy     | 1 2 |  2.7
Translocations | 1 2 |  2.7
Transmutations | 1 2 |  2.7
Fire Magic     | 1 2 |  2.7
Ice Magic      | 1 2 |  2.7
Air Magic      | 1 2 |  2.7
Earth Magic    | 1 2 |  2.7
Poison Magic   | 1 2 |  2.7
Stealth        | 3 4 |  4.2
Fighting       | 5 |  5.7
Dodging        | 5 |  5.7
Ranged Weapons | 9 |  9.2

Action                     |  1- 3 |  4- 6 |  7- 9 || total
---------------------------+-------+-------+-------++-------
   Fire: Shortbow          |    91 |   171 |   205 ||   467
 Invoke: Ancestor Identity |       |       |     1 ||     1
    Use: Scroll            |       |     9 |     4 ||    13
         Potion            |       |       |     1 ||     1
 Armour: Leather armour    |     3 |    13 |       ||    16
         Ring mail         |       |       |    25 ||    25
         Skin              |       |       |     1 ||     1
  Dodge: Dodged            |     9 |    34 |    60 ||   103
